AoeStats
← ICMW-Falco

Arabia

506596009Analyzed
1v1 RM · 18d ago on Sep 14, 2026· 28m 35s· 2 players
Game mode
Random Map
Map size
Tiny (2 player)
Population
200
Speed
Normal
Resources
Standard
Victory
Conquest
Starting age
Dark Age
Ending age
Imperial Age
RankedLock teamsTeams togetherTeam positionsShared explorationLock speedFull tech treeHidden civsTurbo modeCheats
Victory
Defeat
🇺🇸 Wei · United States
1370
+18
🇹🇷 Poles · Türkiye
1410
-18
Wonderphil
6:21 Loom
9:13 Feudal Age
9:46 Double-Bit Axe
9:45 Horse Collar
17:05 Wheelbarrow
20:01 Castle Age
18:51 Bloodlines
18:48 Scale Barding Armor
19:12 Gold Mining
20:05 Forging
20:53 Husbandry
21:16 Bow Saw
23:46 Chain Barding Armor
26:03 Devotion
ICMW-Falco
6:33 Loom
9:12 Feudal Age
9:50 Double-Bit Axe
9:49 Horse Collar
19:04 Scale Barding Armor
21:33 Castle Age
19:38 Gold Mining
20:26 Forging
20:28 Bloodlines
21:08 Town Watch
21:37 Light Cavalry
22:19 Husbandry
22:40 Chain Barding Armor
27:26 Iron Casting
Connection lost

Rejoining the realm…

Still unreachable

The connection could not be restored.

Session expired

The server has moved on; the page needs a fresh start.